 Dungeon Crawl Stone Soup version 0.28-a0-1114-g8eb0198dcf (webtiles) character file.

Game seed: 16100433841703035218

35 Lavandula the Ruffian (level 3, -1/26 HPs)
             Began as a Formicid Transmuter on Dec 11, 2021.
             Slain by Ijyb (6 damage)
             ... on level 3 of the Dungeon.
             The game lasted 00:03:31 (2635 turns).

Lavandula the Ruffian (Formicid Transmuter)         Turns: 2635, Time: 00:03:31

Health: -1/26      AC:  3    Str: 14    XL:     3   Next: 52%
Magic:  5/6        EV: 12    Int: 12    God:
Gold:   88         SH:  0    Dex: 13    Spells: 2/7 levels left

rFire   . . .      SeeInvis +     - Unarmed
rCold   . . .      Faith    .   (no shield)
rNeg    . . .      Spirit   .   a - +0 robe
rPois   .          Reflect  .   (helmet unavailable)
rElec   .          Harm     .   (no cloak)
rCorr   .          Rampage  .   e - +0 pair of gloves
Will    .....                   (no boots)
Stlth   +.........              (no amulet)
HPRegen 0.08/turn               (no ring)
MPRegen 0.10/turn               (no ring)

@: very slightly contaminated
A: permanent stasis, dig shafts and tunnels, antennae 3, four strong arms
a: Dig, Shaft Self


You were on level 3 of the Dungeon.
You visited 1 branch of the dungeon, and saw 3 of its levels.

You collected 88 gold pieces.

Inventory:

Armour
 a - a +0 robe (worn)
 e - a +0 pair of gloves (worn)
Magical Staves
 d - a staff of poison
Scrolls
 c - 3 scrolls of identify {unknown}
 f - a scroll of magic mapping {unknown}
 g - a scroll of holy word {unknown}
 h - a scroll of vulnerability {unknown}
 j - 2 scrolls of amnesia {unknown}
Potions
 i - a potion of haste


   Skills:
 - Level 1.1 Fighting
 - Level 1.8 Dodging
 - Level 4.0 Unarmed Combat
 + Level 2.5 Spellcasting
 - Level 2.2 Transmutations


You had 2 spell levels left.
You knew the following spells:

 Your Spells              Type           Power      Damage    Failure   Level
a - Beastly Appendage     Tmut           12%        N/A       11%         1
b - Wereblood             Tmut           6%         N/A       16%         2
c - Poisonous Vapours     Pois/Air       2%         N/A       36%         2

Your spell library contained the following spells:

 Spells                   Type           Power      Damage    Failure   Level
 Corpse Rot               Necr/Air       2%         N/A       36%         2
 Spider Form              Tmut/Pois      4%         N/A       43%         3
 Ice Form                 Ice/Tmut       4%         N/A       85%         4


Dungeon Overview and Level Annotations

Branches:
Dungeon (3/15)

Altars:

Annotations:
D:3 Ijyb


Innate Abilities, Weirdness & Mutations

You cannot be hasted, slowed, berserked, paralysed or teleported.
You can dig through walls and to a lower floor.
You have a pair of large antennae on your head. (SInv)
Your four strong arms can wield two-handed weapons with a shield.


Message History

Nothing appears to happen.
Ijyb hits you with a +0 club.
* * * LOW HITPOINT WARNING * * *
It was a potion of curing.
You feel better. Ijyb hits you with a +0 club. x2
Unknown command.
You hit Ijyb but do no damage.
Ijyb is moderately wounded.
Ijyb hits you but does no damage.
Unknown command.
Okay, then.
You barely miss Ijyb. Your kick misses Ijyb.
Ijyb is moderately wounded.
Ijyb closely misses you. Ijyb barely misses you.
Unknown command.
You closely miss Ijyb.
Ijyb is moderately wounded.
Ijyb closely misses you.
Unknown command.
You hit Ijyb. You claw Ijyb, but do no damage.
Ijyb is heavily wounded.
Ijyb hits you with a +0 club.
Unknown command.
You barely miss Ijyb. You claw Ijyb, but do no damage.
Ijyb is heavily wounded.
Ijyb barely misses you. Ijyb hits you with a +0 club.
* * * LOW HITPOINT WARNING * * *
Unknown command.
You hit Ijyb but do no damage.
Ijyb is heavily wounded.
Ijyb misses you.
Unknown command.
You closely miss Ijyb.
Ijyb is heavily wounded.
Your talons disappear.
Ijyb hits you with a +0 club.
* * * LOW HITPOINT WARNING * * *
Unknown command.
You hit Ijyb.
Ijyb is severely wounded.
Ijyb hits you with a +0 club.
You die...

#.#< .......!#
#>#. #.......#
#.#. #$......#
#.#. #.......#
#... .......# ####
......# #g...#
#@################
#.................
##################


You could see Ijyb (fast).

Vanquished Creatures
  2 dart slugs (D:2)
  A ball python (D:1)
  5 endoplasms
  2 giant cockroaches
  A goblin (D:2)
  4 hobgoblins
  2 jackals (D:1)
  A quokka (D:2)
  4 bats
  2 frilled lizards
  2 rats
26 creatures vanquished.

Notes
Turn   | Place    | Note
-------+----------+-------------------------------------------
     0 | D:1      | Lavandula the Formicid Transmuter began the quest for the
                  | Orb.
     0 | D:1      | Reached XP level 1. HP: 15/15 MP: 3/3
   256 | D:1      | Reached XP level 2. HP: 21/21 MP: 3/5
   259 | D:1      | Learned a level 2 spell: Wereblood
   379 | D:1      | Found a faded altar of an unknown god.
  1575 | D:2      | Learned a level 2 spell: Poisonous Vapours
  1863 | D:2      | Reached XP level 3. HP: 23/26 MP: 4/6
  2134 | D:2      | Reached skill level 4 in Unarmed Combat
  2612 | D:3      | Noticed Ijyb
  2635 | D:3      | Slain by Ijyb

Illustrated notes

Levels and vault maps discovered:
D:1:      dpeg_arrival_brainrot, layout_loops_ring,
          hellmonk_ecumenical_altar_crossroads, st_stairs_13,
          minmay_misc_feat_diagonals, grunt_decor_resistance,
          chequers_serial_rivers_micro_a, minmay_heptomino_l4
D:2:      layout_basic, minivault_11, lemuel_old_faithful
D:3:      layout_basic, nrook_campfire, uniq_ijyb

Skill      XL: |  1  2  3 |
---------------+----------+-----
Unarmed Combat | 4 |  4.0
Fighting       | |  1.1
Dodging        | |  1.8
Spellcasting   | |  2.5
Transmutations | |  2.2

Action                   || total
-------------------------++-------
Melee: Unarmed           ||    87
       Kick              ||    14
       Punch             ||     1
 Cast: Beastly Appendage ||    21
       Poisonous Vapours ||     2
       Wereblood         ||     1
  Use: Potion            ||     2
Armor: Robe              ||    17
Dodge: Dodged            ||    56

Table legend: (Time is in decaauts)
 A = Elapsed time spent in this place.
 B = Non-inter-level travel time spent in this place.
 C = Inter-level travel time spent in this place.
 D = Time resting spent in this place.
 E = Time spent auto-exploring this place.
 F = Levels seen in this place.
 G = Mean time per level.
                   A        B        C        D        E       F      G
               +--------+--------+--------+--------+--------+-----+--------+
         Total |   2628 |   2535 |     93 |    357 |   1812 |   3 |  876.0 |
       Dungeon |   2628 |   2535 |     93 |    357 |   1812 |   3 |  876.0 |
               +--------+--------+--------+--------+--------+-----+--------+

Top non-repeatable levels by time:
     D:2: 1343 daAuts
     D:1: 1222 daAuts
     D:3: 62 daAuts
